 Dungeon Crawl Stone Soup version 0.18-a0-1405-g73f4075 (webtiles) character file.

31 gorblad the Conjurer (level 3, 0/26 HPs)
             Began as a Draconian Conjurer on Feb 24, 2016.
             Slain by a worm (8 damage)
             ... on level 2 of the Dungeon.
             The game lasted 00:05:08 (1613 turns).

gorblad the Conjurer (Draconian Conjurer)           Turns: 1613, Time: 00:05:08

Health: 0/26       AC:  8    Str: 10    XL:     3   Next: 7%
Magic:  0/7        EV: 12    Int: 16    God:
Gold:   36         SH:  0    Dex: 11    Spells: 1 memorised, 7 levels left

rFire  . . .     SeeInvis .     (no weapon)
rCold  . . .     Gourm    .     (armour unavailable)
rNeg   . . .     Faith    .     (no shield)
rPois  .         Spirit   .     (helmet restricted)
rElec  .         Dismiss  .     (no cloak)
rCorr  .         Reflect  .     (no gloves)
SustAt .         Harm     .     d - +2 pair of boots
MR     .....                    (no amulet)
Stlth  ++........               (no ring)
                                (no ring)

@: not resistant to hostile enchantments, unstealthy
A: unfitting armour, cold-blooded, AC +5
a: no special abilities


You were on level 2 of the Dungeon.
You were not hungry.

You visited 1 branch of the dungeon, and saw 2 of its levels.

You collected 36 gold pieces.

Inventory:

Armour
 d - a +2 pair of boots (worn)
Jewellery
 m - a cursed ring of teleportation {unknown}
Scrolls
 c - a scroll of remove curse {unknown}
 e - 2 scrolls of identify {unknown}
 f - a scroll of blinking {unknown}
 g - a scroll of amnesia {unknown}
 h - a scroll of recharging {unknown}
 k - a scroll of magic mapping {unknown}
Potions
 j - a potion of might {unknown}
 l - a potion of flight {unknown}
 n - a potion of ambrosia {unknown}
 o - a potion of invisibility {unknown}
 p - a potion of heal wounds {unknown}
 r - a potion of agility {unknown}
Books
 a - a book of Conjurations

   Spells                             Type                      Level
   a - Magic Dart                     Conjuration                  1
   b - Searing Ray                    Conjuration                  2
   c - Dazzling Spray                 Conjuration/Hexes            3
   d - Fulminant Prism                Conjuration/Hexes            4
   e - Iskenderun's Mystic Blast      Conjuration                  4
   f - Iskenderun's Battlesphere      Conjuration/Charms           5
Comestibles
 b - 2 bread rations
 i - a meat ration
 q - a slice of pizza


   Skills:
 - Level 1.7 Dodging
 - Level 1.7 Stealth
 * Level 3.0 Spellcasting
 + Level 4.2 Conjurations


You had 7 spell levels left.
You knew the following spells:

 Your Spells              Type           Power        Failure   Level  Hunger
a - Magic Dart            Conj           ###.         3%          1    #......


Dungeon Overview and Level Annotations

Branches:
Dungeon (2/15)

Altars:
Ashenzari


Innate Abilities, Weirdness & Mutations

Your plain brown scales are hard (AC +5).
Your body does not fit into most forms of armour.
You are cold-blooded and may be slowed by cold attacks.


Message History

The magic dart hits the worm.
The worm is almost dead.
You hit the worm but do no damage.
The worm is almost dead.
The worm bites you but does no damage.
You barely miss the worm.
The worm is almost dead.
The worm bites you but does no damage.
You barely miss the worm.
You tail-slap the worm, but do no damage.
The worm is severely wounded.
Casting: Magic Dart
Confirm with . or Enter, or press ? or * to list all spells.
Aiming: Magic Dart
Press: ? - help, Shift-Dir - straight line, f/p - worm
Aim: a worm (severely wounded)
The magic dart hits the worm.
The worm is almost dead.
The worm bites you!
You die...

#####.. #. #. .# #..
#..!.... ##. # #.#.##...
### #..
#.####.#.#.......# #..
#<............##.# #..
#.....#.#..#.##.#####..
#.....#.#.......#.)..[.
#....w@.#..............
#......#.#.....#[#......
.......#.#.......#####..
...............#.# #..
##########.....#.# #..
#.......# #.. ###.#####
##. #.# #. ..# #.


You could see a worm.

Vanquished Creatures
  2 dart slugs
  A giant gecko (D:2)
  A ball python (D:1)
  4 giant cockroaches
  2 goblins (D:2)
  A hobgoblin (D:1)
  2 jackals (D:1)
  3 kobolds
  4 bats
  2 giant newts (D:1)
  2 rats
24 creatures vanquished.

Notes
Turn   | Place    | Note
--------------------------------------------------------------
     0 | D:1      | gorblad the Draconian Conjurer began the quest for the Orb.
     0 | D:1      | Reached XP level 1. HP: 14/14 MP: 3/3
   210 | D:1      | Found a shattered altar of Ashenzari.
   525 | D:1      | Reached XP level 2. HP: 20/20 MP: 1/5
  1438 | D:2      | Reached XP level 3. HP: 26/26 MP: 4/7
  1613 | D:2      | Slain by a worm

Vault maps used:
D:1:      scummos_arrival_hexagon, glass_columns_a, nicolae_ashenzari_panopticon
D:2:      marbit_many_paths, minmay_misc_feat_roman

Skill      XL: |  1  2 |
---------------+-------+-----
Spellcasting   | 3 |  3.0
Dodging        | |  1.7
Stealth        | |  1.7
Conjurations   | |  4.2

Action                   || total
-------------------------++-------
Melee: Unarmed           ||    57
 Cast: Magic Dart        ||    57
  Eat: Chunk             ||     3
